 Dungeon Crawl Stone Soup version 0.30-a0-702-gdf48620a09 (webtiles) character file.

Game seed: 6202315291655749165

28 acebull12 the Sneak (level 3, 0/21 HPs)
             Began as a Kobold Brigand on Jan 21, 2023.
             Succumbed to an orc's poison
             ... on level 2 of the Dungeon.
             The game lasted 00:01:50 (1465 turns).

acebull12 the Sneak (Kobold Brigand)                Turns: 1465, Time: 00:01:50

Health: 0/21       AC:  4    Str:  8    XL:     3   Next: 27%
Magic:  3/3        EV: 14    Int: 12    God:
Gold:   84         SH:  0    Dex: 18    Spells: 2/2 levels left

rFire   . . .      SeeInvis .    a - +2 dagger
rCold   . . .      Faith    .    (no shield)
rNeg    . . .      Spirit   .    b - +0 robe
rPois   .          Reflect  .    (no helmet)
rElec   .          Harm     .    c - +0 cloak
rCorr   .          Rampage  .    l - +0 pair of gloves
Will    .....                    (no boots)
Stlth   +++++                    (no amulet)
HPRegen 0.23/turn                (no ring)
MPRegen 0.08/turn                (no ring)

@: lethally poisoned (0 -> -19)
A: small, no large weapons, nightstalker 3
a: no special abilities


You were on level 2 of the Dungeon.
You visited 1 branch of the dungeon, and saw 2 of its levels.

You collected 84 gold pieces.

Inventory:

Hand Weapons
 a - a +2 dagger (weapon)
Missiles
 d - 9 poisoned darts (quivered)
 e - 3 curare-tipped darts
 f - 32 stones
Armour
 b - a +0 robe (worn)
 c - a +0 cloak (worn)
 l - a +0 pair of gloves (worn)
Scrolls
 i - a scroll of enchant armour {unknown}
 m - a scroll of magic mapping {unknown}
 n - a scroll of vulnerability {unknown}
 q - a scroll of fear {unknown}
 r - a scroll of identify {unknown}
Potions
 g - a potion of curing {unknown}
 h - a potion of brilliance {unknown}
 j - a potion of attraction {unknown}
 k - a potion of mutation {unknown}
 o - a potion of lignification {unknown}
 p - 2 potions of heal wounds {unknown}


   Skills:
 + Level 2.1 Fighting
 + Level 2.7 Short Blades
 + Level 2.3 Throwing
 * Level 1.5 Dodging
 * Level 6.5 Stealth


You had 2 spell levels left.
You didn't know any spells.
Your spell library was empty.

Dungeon Overview and Level Annotations

Branches:
Dungeon (2/15)

Altars:


Innate Abilities, Weirdness & Mutations

You are small and have problems with some larger weapons.
You are completely attuned to the shadows.


Message History

p - a fuming golden potion
q - a scroll labelled REZUEN YVE A frilled lizard comes into view.
The helpless frilled lizard fails to defend itself.
You impale the frilled lizard!!
You kill the frilled lizard!
Found a stone staircase leading down.
There is a stone staircase leading down here.
You now have 70 gold pieces (gained 2).
r - a scroll labelled GOID XANUM
f - 32 stones (gained 4)
p - 2 fuming golden potions (gained 1)
Found an escape hatch in the ceiling.
No target in view!
No target in view!
You now have 84 gold pieces (gained 14).
Found 6 javelins.
An orc comes into view.
It is wielding a +1 short sword of venom.
The orc shouts!
The orc moves out of view.
The orc drinks a potion.
The orc seems to speed up.
The orc hits you with a +1 short sword of venom.
You are poisoned.
You barely miss the orc.
You feel very sick. The orc closely misses you.
You completely miss the orc.
You feel sick.
The orc hits you with a +1 short sword of venom.
You are lethally poisoned!
The orc hits you but does no damage.
You hit the orc. Your punch misses the orc.
The orc is severely wounded.
You feel very sick.
The orc hits you with a +1 short sword of venom.
You are more poisoned.
You hit the orc.
You kill the orc!
* * * LOW HITPOINT WARNING * * *
You feel very sick.
You die...

######## ### #......#
#... #####
#####.####.##....
#...###.......@.)....#
###.....#.####.....##.##
......(.#.####.........#
..................###..#
.....##...........# ...
.....##.......#...#
##### .....##....... ...
.....##...... #.# ......
#<#


There were no monsters in sight!

Vanquished Creatures
  3 orcs (D:2)
  3 ball pythons (D:2)
  2 bats
  An endoplasm (D:1)
  2 giant cockroaches
  A goblin (D:1)
  A hobgoblin (D:1)
  4 jackals (D:2)
  2 frilled lizards
  2 kobolds
21 creatures vanquished.

Notes
Turn   | Place    | Note
-------+----------+-------------------------------------------
     0 | D:1      | acebull12 the Kobold Brigand began the quest for the Orb.
     0 | D:1      | Reached XP level 1. HP: 12/12 MP: 1/1
   391 | D:1      | Reached XP level 2. HP: 17/17 MP: 2/2
   888 | D:2      | Reached skill level 6 in Stealth
  1117 | D:2      | Reached XP level 3. HP: 7/21 MP: 3/3
  1465 | D:2      | Succumbed to an orc's poison

Illustrated notes

Levels and vault maps discovered:
D:1:      giann_bridges, layout_basic
D:2:      layout_basic, st_stairs_6

Skill      XL: |  1  2 |
---------------+-------+-----
Stealth        | 6 |  6.5
Fighting       | |  2.1
Short Blades   | |  2.7
Throwing       | |  2.3
Dodging        | |  1.5

Action                   || total
-------------------------++-------
Melee: Dagger            ||    60
       Punch             ||     1
 Stab: Sleeping          ||     8
Armor: Robe              ||    28
Dodge: Dodged            ||    57

Table legend: (Time is in decaauts)
 A = Elapsed time spent in this place.
 B = Non-inter-level travel time spent in this place.
 C = Inter-level travel time spent in this place.
 D = Time resting spent in this place.
 E = Time spent auto-exploring this place.
 F = Levels seen in this place.
 G = Mean time per level.
                   A        B        C        D        E       F      G
               +--------+--------+--------+--------+--------+-----+--------+
         Total |   1460 |   1375 |     85 |    200 |    999 |   2 |  730.0 |
       Dungeon |   1460 |   1375 |     85 |    200 |    999 |   2 |  730.0 |
               +--------+--------+--------+--------+--------+-----+--------+

Top non-repeatable levels by time:
     D:1: 820 daAuts
     D:2: 640 daAuts
